 Dungeon Crawl Stone Soup version 0.30-a0-989-g0d87f670db (webtiles) character file.

Game seed: 17271544258014306185

96 jasper the Trooper (level 4, 0/26 (31) HPs)
             Began as a Demonspawn Wanderer on Apr 3, 2023.
             Was a Believer of Hepliaklqana.
             Slain by an orc
             ... wielding a +2 dagger of draining
              (1 damage)
             ... on level 2 of the Dungeon.
             The game lasted 00:04:20 (1845 turns).

jasper the Trooper (Demonspawn Wanderer)            Turns: 1845, Time: 00:04:20

HP:   0/26 (31)     AC:  6    Str: 17    XL:     4   Next: 41%
MP:   4/4           EV: 10    Int: 10    God:    Hepliaklqana [**....]
Gold: 71            SH:  0    Dex: 13    Spells: 3/3 levels left

rFire   . . .      SeeInvis .    a - +4 dagger (flame)
rCold   . . .      Faith    .    (no shield)
rNeg    . . .      Spirit   .    k - +0 ring mail
rPois   .          Reflect  .    (no helmet)
rElec   .          Rampage  .    (no cloak)
rCorr   .                        j - +0 pair of gloves
Will    .....                    (no boots)
Stlth   +                        (no amulet)
HPRegen 0.24/turn                (no ring)
MPRegen 0.09/turn                (no ring)

@: heavily drained
A: reduced essence, demonic magic 1
a: Renounce Religion, Recall Ancestor, Ancestor Identity


You were on level 2 of the Dungeon.
You worshipped Hepliaklqana.
Hepliaklqana was pleased with you.
You visited 1 branch of the dungeon, and saw 3 of its levels.

You collected 71 gold pieces.

Inventory:

Hand Weapons
 a - a +4 dagger of flaming (weapon)
 c - a +0 mace
Missiles
 l - 14 poisoned darts (quivered)
Armour
 e - a +0 leather armour
 j - a +0 pair of gloves (worn)
 k - a +0 ring mail (worn)
Scrolls
 b - a scroll of fear
 h - 2 scrolls of vulnerability
 o - a scroll of blinking
Potions
 d - 2 potions of attraction
 f - a potion of lignification
 g - a potion of curing
 m - a potion of resistance


   Skills:
 + Level 3.5 Fighting
 - Level 2.6 Maces & Flails
 + Level 2.8 Armour
 - Level 1.0 Dodging
 - Level 2.6 Stealth
 + Level 0.2 Invocations


You had 3 spell levels left.
You didn't know any spells.
Your spell library was empty.

Dungeon Overview and Level Annotations

Branches:
Dungeon (3/15)

Altars:
Hepliaklqana

Shops:
D:1 *


Innate Abilities, Weirdness & Mutations

Your life essence is reduced to manifest your ancestor. (-10% HP)
Spells you cast may paralyse adjacent enemies.


Message History

The orc hits you with a +0 club.
Wubby hits the orc with a +0 flail!
The orc dies!
You take 4 damage, and have 25/31 hp.
You closely miss the orc. The orc closely misses you.
You barely miss the orc. The orc hits you with a +0 mace.
Wubby blocks the orc's attack.
You take 2 damage, and have 24/31 hp.
You hit the orc but do no damage.
Wubby hits the orc but does no damage.
The orc hits you with a +2 dagger of draining.
You feel drained. The orc barely misses you.
You take 2 damage, and have 22/30 hp.
The orc barely misses you. x2; Wubby hits the orc with a +0 flail.
The orc barely misses Wubby.
You climb upwards.
There is a stone staircase leading down here.
You hit the orc but do no damage.
The orc is severely wounded.
The orc hits you but does no damage.
You feel drained. The orc hits you with a +0 mace. The orc closely misses you.
You take 6 damage, and have 17/29 hp.
MASSIVE DAMAGE!!
You completely miss the orc.
Wubby barely misses the orc.
The orc hits you with a +2 dagger of draining.
You feel drained. The orc closely misses you. x2
You take 4 damage, and have 13/27 hp.
The orc attacks as you move away! The orc closely misses you. x2
The orc hits Wubby but does no damage.
Space warps around Wubby.
Wubby barely misses the orc.
The orc attacks as you move away!
The orc hits you with a +2 dagger of draining.
* * * LOW HITPOINT WARNING * * *
You feel drained.
* * * LOW HITPOINT WARNING * * *
The orc hits Wubby with a +0 flail of distortion.
Wubby blinks!
The orc hits you with a +0 mace.
* * * LOW HITPOINT WARNING * * *
You take 12 damage, and have 1/26 hp.
MASSIVE DAMAGE!!
The orc attacks as you move away!
The orc hits you with a +2 dagger of draining.
You die...

.................................
.........#.#####'#.#.#........#..
.........#......R..#.#........#..
.........#'#####.#......#........
...........>..##.#......#.....#..
.#............#.................#
.#.##.##......#...............#..
..#.~.~.#.....#..o>#..#.........#
.#..~.~..#....+.@o§o..#.......#..
#~~~~.~~~~#...#.##.##.#.###.....#
..~.~≈~.~..#..#+##............#..
...~≈_≈~...#..........##........#
...~≈.≈~...#.....#....##......#..
...~.≈.~...#.....#....##........#
..~.~.~.~..#.....................
#~.~...~.~#......................
..~.....~..##..<.................


You could see the friendly Wubby the knight and 3 orcs.

Vanquished Creatures
  4 adders (D:2)
  4 bats
  5 endoplasms (D:1)
  A giant cockroach (D:2)
  4 goblins (D:1)
  7 hobgoblins
  3 jackals (D:1)
  4 kobolds
  A quokka (D:1)
  5 ball pythons
  5 frilled lizards
  5 rats
48 creatures vanquished.

Vanquished Creatures (collateral kills)
  An orc (D:3)
  An endoplasm (D:2)
  A giant cockroach (D:2)
  A bat (D:2)
  2 rats (D:2)
6 creatures vanquished.

Grand Total: 54 creatures vanquished

Notes
Turn   | Place    | Note
-------+----------+-------------------------------------------
     0 | D:1      | jasper the Demonspawn Wanderer began the quest for the Orb.
     0 | D:1      | jasper set off with the following items: a +3 dagger, a
                  | scroll of fear, a +0 mace, a potion of attraction, a +0
                  | leather armour.
     0 | D:1      | Reached XP level 1. HP: 16/16 MP: 1/1
   186 | D:1      | Gained mutation: Spells you cast may paralyse adjacent
                  | enemies. [demonic ancestry]
   186 | D:1      | Reached XP level 2. HP: 20/23 MP: 2/2
   259 | D:1      | Found Onezeem's Assorted Antiques.
   429 | D:1      | Reached XP level 3. HP: 25/28 MP: 3/3
   864 | D:2      | Reached skill level 3 in Fighting
   879 | D:2      | Found a faded altar of an unknown god.
   894 | D:2      | Prayed at the altar of an unknown god.
   894 | D:2      | Became a worshipper of Hepliaklqana the Forgotten
   894 | D:2      | Reached * piety under Hepliaklqana
  1164 | D:2      | Reached XP level 4. HP: 28/31 MP: 4/4
  1494 | D:2      | Reached ** piety under Hepliaklqana
  1495 | D:2      | Remembered your ancestor Wubby as a knight
  1844 | D:2      | HP: 1/26 [orc/+0 mace (6)]
  1845 | D:2      | Slain by an orc

Illustrated notes

Levels and vault maps discovered:
D:1:      nicolae_arrival_memento_mori, layout_basic, serial_shops,
          nicolae_shop_crystal
D:2:      layout_basic, shapermc_ecumenical_altar_starsandcircs, hex_medium
D:3:      layout_rooms, mainiacjoe_overflow_alcove_1

Skill      XL: |  1  2  3 |
---------------+----------+-----
Armour         | 2 |  2.8
Fighting       | 3 |  3.5
Maces & Flails | |  2.6
Dodging        | |  1.0
Stealth        | |  2.6
Invocations    | |  0.2

Action                     |  1- 3 |  4- 6 || total
---------------------------+-------+-------++-------
  Melee: Dagger            |   119 |    29 ||   148
         Punch             |     1 |       ||     1
  Throw: Dart              |     1 |       ||     1
 Invoke: Ancestor Identity |     1 |       ||     1
         Ancestor Life: Kn |       |     1 ||     1
    Use: Scroll            |     5 |     3 ||     8
   Stab: Sleeping          |     2 |       ||     2
 Armour: Leather armour    |    11 |       ||    11
         Ring mail         |    20 |    15 ||    35
  Dodge: Dodged            |    59 |    31 ||    90

Table legend: (Time is in decaauts)
 A = Elapsed time spent in this place.
 B = Non-inter-level travel time spent in this place.
 C = Inter-level travel time spent in this place.
 D = Time resting spent in this place.
 E = Time spent auto-exploring this place.
 F = Levels seen in this place.
 G = Mean time per level.
                   A        B        C        D        E       F      G
               +--------+--------+--------+--------+--------+-----+--------+
         Total |   1845 |   1737 |    108 |     52 |   1275 |   3 |  615.0 |
       Dungeon |   1845 |   1737 |    108 |     52 |   1275 |   3 |  615.0 |
               +--------+--------+--------+--------+--------+-----+--------+

Top non-repeatable levels by time:
     D:2: 1000 daAuts
     D:1: 838 daAuts
     D:3: 6 daAuts
